 Dungeon Crawl Stone Soup version 0.32-a0-471-gb91d5d9764 (webtiles) character file.

Game seed: 12977032509443532139

146 Alarak the Chopper (level 5, -3/42 HPs)
             Began as a Formicid Fighter on Feb 25, 2024.
             Was an Initiate of Beogh.
             Slain by a mummy (5 damage)
             ... in an ossuary.
             The game lasted 00:07:06 (2903 turns).

Alarak the Chopper (Formicid Fighter)               Turns: 2903, Time: 00:07:07

Health: -3/42      AC: 13    Str: 23    XL:     5   Next: 53%
Magic:  5/5        EV: 11    Int:  7    God:    Beogh [......]
Gold:   241        SH:  6    Dex: 19    Spells: 4/4 levels left

rFire   . . .        r - +4 flail (drain)
rCold   . . .        c - +0 buckler
rNeg    . . .        v - +0 plate armour
rPois   .            (helmet unavailable)
rElec   .            e - scarf {shadows}
rCorr   .            q - +1 pair of gloves
SInv    +            (no boots)
Will    .....        (no amulet) Stlth
                     j - +6 ring of dexterity
HPRegen 0.27/turn    l - +5 ring of evasion
MPRegen 0.09/turn

%: no passive effects
@: mighty
A: permanent stasis, dig shafts and tunnels, antennae 3, four strong arms
a: Dig, Renounce Religion


You were in an ossuary.
You worshipped Beogh.
Beogh was noncommittal.
You visited 1 branch of the dungeon, and saw 4 of its levels.
You also visited: Ossuary.

You collected 241 gold pieces.

Inventory:

Hand Weapons
 a - a +0 war axe
 r - a +4 flail of draining (weapon)
Armour
 c - a +0 buckler (worn)
 e - a scarf of shadows (worn)
 q - a +1 pair of gloves (worn)
 v - a +0 plate armour (worn)
Jewellery
 j - a +6 ring of dexterity (left hand)
 l - a +5 ring of evasion (right hand)
 u - a +6 ring of intelligence
Wands
 w - a wand of flame (37)
Scrolls
 m - a scroll of poison
 n - a scroll of noise {unknown}
 s - a scroll of amnesia {unknown}
 t - a scroll of acquirement {unknown}
 x - a scroll of summoning {unknown}
 y - a scroll of brand weapon {unknown}
 A - a scroll of vulnerability {unknown}
Potions
 b - 3 potions of attraction
 d - a potion of might
 f - 4 potions of curing
 g - 2 potions of lignification
 k - 2 potions of haste {unknown}
 o - a potion of invisibility {unknown}
 p - a potion of mutation {unknown}
 z - a potion of degeneration {unknown}


   Skills:
 + Level 4.2 Fighting
 - Level 4.7 Axes
 - Level 3.2 Armour
 - Level 4.0 Shields


You had 4 spell levels left.
You didn't know any spells.
Your spell library contained the following spells:

 Spells                   Type           Power      Damage    Failure   Level
 Necrotise                Necr           0%         1d4       100%        1
 Sandblast                Erth           0%         2d4       100%        1
 Lesser Beckoning         Tloc           0%         N/A       100%        2
 Momentum Strike          Conj/Tloc      0%         3d8       100%        2
 Passwall                 Erth           0%         N/A       100%        3
 Stone Arrow              Conj/Erth      0%         3d7       100%        3
 Vampiric Draining        Necr           0%         2d6       100%        3
 Brom's Barrelling Bould  Conj/Erth      0%         2d3       100%        4
 Martyr's Knell           Necr/Summ      0%         N/A       100%        4
 Curse of Agony           Necr           0%         N/A       100%        5
 Blink                    Tloc           Unusable   N/A       N/A         2

Dungeon Overview and Level Annotations

Branches:
Dungeon (4/15)             Temple (0/1) D:4         Ossuary (1/1)

Altars:
Cheibriados
Dithmenos
Ru
Sif Muna


Innate Abilities, Weirdness & Mutations

You cannot be hasted, slowed, berserked, paralysed or teleported.
You can dig through walls and to a lower floor.
You have a pair of large antennae on your head. (SInv)
Your four strong arms can wield two-handed weapons with a shield.


Message History

You block the orc zombie's attack. The kobold zombie closely misses you.
The mummy hits you. The mummy barely misses you. You block the mummy's attack.
The mummy hits you!
You are too injured to fight recklessly!
You are too injured to fight recklessly!
You are too injured to fight recklessly!
You are too injured to fight recklessly!
You are too injured to fight recklessly!
You are too injured to fight recklessly!
You are too injured to fight recklessly!
You are too injured to fight recklessly!
You are too injured to fight recklessly!
You are too injured to fight recklessly!
You are too injured to fight recklessly!
You are too injured to fight recklessly!
You are too injured to fight recklessly!
Okay, then.
You feel very mighty all of a sudden.
The orc zombie hits you but does no damage.
The kobold zombie barely misses you.
You feel much better. The mummy hits you.
A hobgoblin zombie comes into view.
The mummy hits you.
The orc zombie hits you but does no damage.
The mummy hits you. The mummy hits you but does no damage.
You block the kobold zombie's attack.
You closely miss the mummy.
The orc zombie hits you but does no damage.
The mummy barely misses you. The kobold zombie misses you. The mummy hits you.
The mummy barely misses you.
You barely miss the mummy. The mummy hits you but does no damage.
You block the orc zombie's attack.
The kobold zombie hits you but does no damage.
The mummy hits you!
You closely miss the mummy. The mummy hits you!
* * * LOW HITPOINT WARNING * * *
The mummy hits you!
* * * LOW HITPOINT WARNING * * *
You block the orc zombie's attack. The mummy hits you.
You die...

..,##..## ...
..##....##...
.............
...Z.........
......Z......
#...MMM..#
#.ZZ@M.#
##.Z..##
#....# #....#
#....# #....#
#....# #....#
#....#


You could see 4 mummies, 2 hobgoblin zombies, 2 kobold zombies and an orc
zombie.

Vanquished Creatures
  Ijyb (D:4)
  4 adders
  A dart slug (D:1)
  A ribbon worm (D:4)
  6 orcs (D:3)
  5 bats
  6 endoplasms
  3 giant cockroaches
  2 gnoll zombies (Ossuary)
  7 goblins
  7 hobgoblins
  5 jackals
  A quokka (D:4)
  6 ball pythons
  5 frilled lizards
  4 kobolds
  A kobold zombie (Ossuary)
  6 rats
71 creatures vanquished.

Vanquished Creatures (others)
  2 demonspawn (D:1)
  A draconian (D:1)
  An octopode (D:1)
  2 armataurs (D:1)
  A formicid (D:1)
  A human (D:1)
  A naga (D:1)
  A demigod (D:1)
  A mummy (D:1)
  A goblin (D:1)
  7 tentacles (D:1)
19 creatures vanquished.

Grand Total: 90 creatures vanquished

Notes
Turn   | Place    | Note
-------+----------+-------------------------------------------
     0 | D:1      | Alarak the Formicid Fighter began the quest for the Orb.
     0 | D:1      | Reached XP level 1. HP: 18/18 MP: 1/1
     0 | D:1      | Noticed an armataur
     0 | D:1      | Noticed a demonspawn
     0 | D:1      | Noticed a demigod
     0 | D:1      | Noticed an octopode
     0 | D:1      | Noticed an armataur
     0 | D:1      | Noticed a draconian
     0 | D:1      | Noticed a kraken
     0 | D:1      | Noticed a human
     0 | D:1      | Noticed a naga
     0 | D:1      | Noticed a formicid
     0 | D:1      | Noticed a demonspawn
     4 | D:1      | Killed a formicid
     8 | D:1      | Killed an octopode
     9 | D:1      | Killed an armataur
     9 | D:1      | Killed a human
    11 | D:1      | Killed a demigod
    11 | D:1      | Killed a demonspawn
    12 | D:1      | Killed an armataur
    12 | D:1      | Killed a demonspawn
    12 | D:1      | Killed a draconian
    12 | D:1      | Killed a naga
   141 | D:1      | Reached XP level 2. HP: 24/24 MP: 2/2
   312 | D:1      | Found a faded altar of an unknown god.
   426 | D:1      | Reached XP level 3. HP: 29/29 MP: 3/3
  1218 | D:2      | Reached XP level 4. HP: 30/35 MP: 4/4
  1644 | D:3      | Became a worshipper of Beogh the Shepherd
  2031 | D:3      | Found a snail-covered altar of Cheibriados.
  2166 | D:3      | Found a shimmering blue altar of Sif Muna.
  2310 | D:4      | Reached XP level 5. HP: 40/40 MP: 5/5
  2343 | D:4      | Found a shadowy altar of Dithmenos.
  2377 | D:4      | Noticed Ijyb
  2382 | D:4      | Killed Ijyb
  2696 | D:4      | Found a sacrificial altar of Ru.
  2721 | D:4      | Found a staircase to the Ecumenical Temple.
  2869 | D:4      | Found a sand-covered staircase.
  2874 | Ossuary  | Entered an ossuary
  2903 | Ossuary  | HP: 2/42 [mummy (8)]
  2903 | Ossuary  | Slain by a mummy

Illustrated notes

Levels and vault maps discovered:
D:1:      nicolae_arrival_kraken_aquarium_a, layout_basic,
          hellmonk_ecumenical_altar_run_dry
D:2:      layout_rooms, serial_curves, eino_curves_01, eino_curves_02
D:3:      layout_basic, led_sif_pool, mainiacjoe_overflow_concentric_impassable,
          kennysheep_flooded_box
D:4:      layout_basic, nicolae_dithmenos_the_darkroom, lemuel_tele_altar,
          minmay_temple_entry_hall, enter_ossuary_2, dreamdust_wishing_well,
          uniq_ijyb
Ossuary:  ossuary_tomb_3

Skill      XL: |  1  2  3  4  5 |
---------------+----------------+-----
Axes           | 3 4 |  4.7
Fighting       | 4 |  4.2
Armour         | |  3.2
Shields        | |  4.0

Action                     |  1- 3 |  4- 6 || total
---------------------------+-------+-------++-------
  Melee: War axe           |    98 |    55 ||   153
         Flail             |       |    35 ||    35
 Invoke: Convert to Beogh  |       |     1 ||     1
    Use: Scroll            |     2 |     5 ||     7
         Potion            |       |     2 ||     2
 Armour: Scale mail        |    95 |    23 ||   118
         Chain mail        |       |     5 ||     5
         Plate armour      |       |    33 ||    33
  Dodge: Dodged            |    51 |    56 ||   107
  Block: Buckler           |    26 |    38 ||    64

Table legend: (Time is in decaauts)
 A = Elapsed time spent in this place.
 B = Non-inter-level travel time spent in this place.
 C = Inter-level travel time spent in this place.
 D = Time resting spent in this place.
 E = Time spent auto-exploring this place.
 F = Levels seen in this place.
 G = Mean time per level.
                   A        B        C        D        E       F      G
               +--------+--------+--------+--------+--------+-----+--------+
         Total |   2964 |   2645 |    319 |    112 |   1991 |   5 |  592.8 |
       Dungeon |   2930 |   2611 |    319 |    112 |   1990 |   4 |  732.5 |
       Ossuary |     33 |     33 |      0 |      0 |      1 |   1 |   33.0 |
               +--------+--------+--------+--------+--------+-----+--------+

Top non-repeatable levels by time:
     D:1: 1065 daAuts
     D:3: 709 daAuts
     D:4: 596 daAuts
     D:2: 559 daAuts
 Ossuary: 33 daAuts
